 Dungeon Crawl Stone Soup version 0.29.1-2-gbd0b4ee654 (webtiles) character file.

Game seed: 11809354448923918740

2321 GorkyZ the Gusty (level 9, -5/55 HPs)
             Began as an Octopode Air Elementalist on Nov 17, 2022.
             Was an Initiate of Sif Muna.
             Shot with an arrow by a centaur (12 damage)
             ... on level 6 of the Dungeon.
             The game lasted 00:53:28 (9696 turns).

GorkyZ the Gusty (Octopode Air Elementalist)        Turns: 9696, Time: 00:53:29

Health: -5/55      AC:  1    Str:  8    XL:     9   Next: 42%
Magic:  11/16      EV: 15    Int: 27    God:    Sif Muna [......]
Gold:   112        SH:  0    Dex: 12    Spells: 11/18 levels left

rFire   x . .      SeeInvis .   u - +3 dagger (speed)
rCold   + . .      Faith    .   (no shield)
rNeg    . . .      Spirit   .   (helmet restricted)
rPois   .          Reflect  .   (no amulet)
rElec   .          Harm     .   j - ring of ice
rCorr   .          Rampage  .   w - +6 ring of intelligence
Will    .....                   (no ring)
Stlth   +++.......              (no ring)
HPRegen 0.18/turn               (no ring)
MPRegen 0.15/turn               (no ring)
                                (no ring)
                                (no ring)

@: no status effects
A: almost no armour, amphibious, 8 rings, camouflage 1, gelatinous body 1,
(nimble swimmer 1), tentacles
a: Renounce Religion


You were on level 6 of the Dungeon.
You worshipped Sif Muna.
Sif Muna was noncommittal.
You visited 2 branches of the dungeon, and saw 7 of its levels.

You collected 310 gold pieces.
You spent 198 gold pieces at shops.

Inventory:

Hand Weapons
 c - a +0 dagger
 d - a +0 spear
 n - a +0 quarterstaff
 s - a +1 short sword of flaming
 u - a +3 dagger of speed (weapon)
Missiles
 i - 56 stones
Jewellery
 j - a ring of ice (left tentacle)
 o - a +4 ring of evasion
 t - an amulet of reflection
 w - a +6 ring of intelligence (right tentacle)
Wands
 x - a wand of roots (9)
Scrolls
 f - a scroll of poison {unknown}
 h - a scroll of amnesia
 k - 4 scrolls of butterflies
 l - 5 scrolls of identify
 m - a scroll of magic mapping {unknown}
 p - a scroll of blinking
 q - a scroll of teleportation
Potions
 a - a potion of magic
 b - a potion of cancellation {unknown}
 e - a potion of curing
 g - a potion of might {unknown}
 r - 3 potions of mutation
 v - a potion of brilliance


   Skills:
 + Level 2.4 Fighting
 - Level 3.6 Short Blades
 * Level 3.4 Polearms
 + Level 5.6 Dodging
 - Level 2.7 Stealth
 + Level 5.1 Spellcasting
 + Level 5.2 Conjurations
 + Level 6.1 Air Magic
 + Level 1.4 Poison Magic


You had 11 spell levels left.
You knew the following spells:

 Your Spells              Type           Power      Damage    Failure   Level
a - Shock                 Conj/Air       100%       1d9       1%          1
b - Swiftness             Air            39%        N/A       1%          3
c - Mephitic Cloud        Conj/Pois/Air  30%        N/A       3%          3

Your spell library contained the following spells:

 Spells                   Type           Power      Damage    Failure   Level
 Magic Dart               Conj           100%       1d8       1%          1
 Static Discharge         Conj/Air       37%        3-8/arc   1%          2
 Airstrike                Air            19%        2d(3-19)  6%          4
 Conjure Flame            Conj/Fire      21%        6-21      8%          3
 Call Imp                 Summ           6%         N/A       11%         2
 Ignite Poison            Fire/Tmut/Pois 9%         N/A       17%         3
 Sticky Flame             Conj/Fire      21%        2d4       24%         4


Dungeon Overview and Level Annotations

Branches:
Dungeon (6/15)             Temple (1/1) D:6

Altars:
Ashenzari
Dithmenos
Elyvilon
Hepliaklqana
Kikubaaqudgha
Makhleb
Okawaru
Qazlal
Sif Muna
Uskayaw
Vehumet
Xom
Yredelemnul
Zin

Shops:
D:4 :   D:5 :*!(


Innate Abilities, Weirdness & Mutations

You cannot wear most types of armour.
You are amphibious.
You can wear up to eight rings at the same time.
Your skin changes colour to match your surroundings (Stealth+).
Your rubbery body absorbs attacks. (AC +1, EV +1)
((You are camouflaged when in or above water. (Stealth+)))
You have tentacles for arms and can constrict up to eight enemies at once.


Message History

The black bear is severely wounded.
Aiming: Shock (safe; 1% risk of failure)
Press: ? - help, Q - select action, (/) - cycle Shift-Dir - straight line That beam is likely to hit you.
Continue anyway?
Okay, then.
Unknown command.
The black bear attacks as you move away!
The black bear barely misses you. The black bear misses you.
The black bear barely misses you.
Found a scroll of amnesia.
Aiming: Shock (safe; 1% risk of failure)
Press: ? - help, Q - select action, (/) - cycle Shift-Dir - straight line The zap hits the black bear!
The black bear is almost dead.
The zap hits the black bear!
You kill the black bear!
Sif Muna accepts your kill.
You start resting.
A centaur is nearby!
Aiming: Shock (safe; 1% risk of failure)
Press: ? - help, Q - select action, (/) - cycle Shift-Dir - straight line, f - centaur
Aim: a centaur (wandering, hasn't noticed you, 84% to hit)
The zap misses the centaur.
The centaur shouts!
Aiming: Shock (safe; 1% risk of failure)
Press: ? - help, Q - select action, (/) - cycle Shift-Dir - straight line, f/p - centaur
Aim: a centaur (84% to hit)
The zap hits the centaur.
The centaur is lightly wounded.
The centaur wields a +0 shortbow.
The centaur shoots an arrow.
The arrow hits you!
* * * LOW HITPOINT WARNING * * *
Aiming: Shock (safe; 1% risk of failure)
Press: ? - help, Q - select action, (/) - cycle Shift-Dir - straight line, f/p - centaur
Aim: a centaur, wielding a +0 shortbow (lightly wounded, 84% to hit)
The zap hits the centaur but does no damage.
The centaur is lightly wounded.
The centaur shoots an arrow.
The arrow hits you!
* * * LOW HITPOINT WARNING * * *
You feel better.
The centaur shoots an arrow.
The arrow hits you!
You die...

....#.. .....# #.#.#.#
$..... ......+#. .#.###.
#.#.#...###.....#.#. #.# ##
... ...c.........#.# #.# #.
#... #.)...# .#?#. .# #.
....###..>..###..#.# #
#.....#.....#...#.#
...............#.# #
#.##....###.@.#.#.#.
#......#...#.#.#.# ....
#.#...)#....#.##.. ..##
#.#.#......##.##.# # #
#.#..######.##.#
#.#......##.##.#
#.....##.##.##.##
#........#...>....#########
#.............###.........#


You could see a centaur.

Vanquished Creatures
  Grinder (D:3)
  Prince Ribbit (D:5)
  Eustachio (D:5)
  A water moccasin (D:4)
  Duvessa (D:5)
  2 black bears (D:6)
  An ice beast (D:5)
  An ogre (D:5)
  3 phantoms
  2 necrophages (D:5)
  5 scorpions
  Dowan (D:5)
  2 hounds
  An orc priest (D:5)
  A jelly (D:5)
  Jessica (D:2)
  2 iguanas (D:4)
  3 orc wizards
  7 gnolls (D:5)
  8 adders
  A white imp (D:5)
  2 ufetubi (D:5)
  3 worms
  3 dart slugs
  12 orcs
  9 bats
  7 endoplasms
  6 giant cockroaches
  4 goblins
  4 hobgoblins
  4 jackals (D:1)
  5 quokkas
  5 ball pythons
  5 frilled lizards
  11 kobolds
  3 rats
129 creatures vanquished.

Vanquished Creatures (others)
  An adder (D:3)
  An orc (D:3)
  A giant cockroach (D:3)
  A fungus (D:3)
  27 plants (D:4)
31 creatures vanquished.

Grand Total: 160 creatures vanquished

Notes
Turn   | Place    | Note
-------+----------+-------------------------------------------
     0 | D:1      | GorkyZ the Octopode Air Elementalist began the quest for
                  | the Orb.
     0 | D:1      | Reached XP level 1. HP: 11/11 MP: 3/3
   363 | D:1      | Reached XP level 2. HP: 17/17 MP: 3/5
   918 | D:1      | Reached XP level 3. HP: 18/21 MP: 2/6
  1675 | D:2      | Noticed Jessica
  1712 | D:2      | Killed Jessica
  1713 | D:2      | Reached XP level 4. HP: 10/27 MP: 5/8
  2818 | D:3      | Learned a level 3 spell: Swiftness
  2939 | D:3      | Reached XP level 5. HP: 31/31 MP: 3/9
  3205 | D:3      | Found a radiant altar of Vehumet.
  3230 | D:3      | Found a shimmering altar of Xom.
  4019 | D:3      | Found a white marble altar of Elyvilon.
  4237 | D:3      | Found a faded altar of an unknown god.
  4239 | D:3      | Noticed Grinder
  4260 | D:3      | Killed Grinder
  4261 | D:3      | Reached skill level 1 in Short Blades
  4261 | D:3      | Reached skill level 4 in Air Magic
  4261 | D:3      | Reached XP level 6. HP: 6/36 MP: 8/11
  4706 | D:4      | Reached XP level 7. HP: 15/41 MP: 4/12
  6210 | D:4      | Found Toraon's Book Shoppe.
  6305 | D:4      | Reached skill level 5 in Air Magic
  6863 | D:5      | Entered Level 5 of the Dungeon
  6873 | D:5      | Reached XP level 8. HP: 32/46 MP: 10/14
  7608 | D:5      | Noticed Duvessa
  7609 | D:5      | Noticed Dowan
  7615 | D:5      | Killed Dowan
  7621 | D:5      | HP: 1/46 [Duvessa/+0 short sword (12)]
  7623 | D:5      | Killed Duvessa
  7647 | D:5      | HP: 1/46 [orc wizard/puff of flame (12)]
  7986 | D:5      | Reached skill level 5 in Dodging
  8096 | D:5      | Noticed Eustachio
  8118 | D:5      | Killed Eustachio
  8119 | D:5      | Reached skill level 1 in Fighting
  8119 | D:5      | Reached skill level 1 in Polearms
  8330 | D:5      | Found Tifijosk's General Store.
  8333 | D:5      | Found Povuh's Weapon Shoppe.
  8333 | D:5      | Found Waliciof's Book Shoppe.
  8334 | D:5      | Found Lymid's Distillery.
  8360 | D:5      | Bought a book of Minor Magic for 198 gold pieces
  8364 | D:5      | Learned a level 3 spell: Mephitic Cloud
  8489 | D:5      | Noticed Prince Ribbit
  8502 | D:5      | Reached XP level 9. HP: 53/53 MP: 7/16
  8508 | D:5      | Killed Prince Ribbit
  8509 | D:5      | Reached skill level 5 in Spellcasting
  8509 | D:5      | Reached skill level 5 in Conjurations
  8964 | D:5      | Found an iron altar of Okawaru.
  9380 | D:6      | Reached skill level 6 in Air Magic
  9380 | D:6      | Reached skill level 1 in Poison Magic
  9534 | D:6      | Found a staircase to the Ecumenical Temple.
  9548 | Temple   | Entered the Ecumenical Temple
  9637 | Temple   | Became a worshipper of Sif Muna the Loreminder
  9695 | D:6      | HP: 1/55 [centaur/arrow (9)]
  9696 | D:6      | Shot with an arrow by a centaur

Illustrated notes

Levels and vault maps discovered:
D:1:      saegor_arrival_simple_d, layout_loops_ring, dk_noncrumbling_4
D:2:      layout_basic, hex_medium, uniq_jessica
D:3:      layout_basic, nicolae_overflow_hidden_temple, xom_confusion_cloud,
          elyvilon_altar_1, shapermc_ecumenical_altar_notcrosses, uniq_grinder
D:4:      layout_loops_cross, serial_shops, nicolae_shop_waterfront,
          minmay_misc_feat_alley, serial_bayou_lagoon_a, grunt_decor_arrowhead,
          minmay_misc_feat_cross, lightli_corner_chamber
D:5:      layout_loops_corners, kennysheep_mini_moat, minmay_misc_feat_columns,
          grunt_decor_cap, minmay_shop_grid_forest, chequers_arboretum,
          uniq_duvessa, uniq_prince_ribbit1, uniq_eustachio
D:6:      layout_basic, minmay_temple_entry_tees, serial_co_window_serial,
          co_window_corner_a, co_window_paths_a, co_window_corner_a,
          co_window_paths_a, co_window_of_opportunity_a, co_window_corner_a,
          co_window_corner_a, co_window_broadway_a, co_window_2corner,
          co_window_corner_b, co_window_of_opportunity_c, co_window_broadway_b,
          co_window_corner_cb, co_window_paths_d, glass_columns_c,
          glass_columns_c, glass_columns_b, glass_columns_c
Temple:   eino_wide_crystal_templ

Skill      XL: |  1  2  3  4  5  6  7  8  9 |
---------------+----------------------------+-----
Conjurations   | 2 3 4 5 |  5.2
Dodging        | 3 4 5 |  5.6
Short Blades   | 1 2 3 |  3.6
Spellcasting   | 3 4 5 |  5.1
Air Magic      | 4 5 6 |  6.1
Fighting       | 1 2 |  2.4
Polearms       | 2 3 |  3.4
Poison Magic   | 1 |  1.4
Stealth        | |  2.7

Action                   |  1- 3 |  4- 6 |  7- 9 || total
-------------------------+-------+-------+-------++-------
Melee: Spear             |    11 |       |       ||    11
       Unarmed           |     3 |       |       ||     3
       Constrict         |     4 |     7 |    16 ||    27
       Tentacles         |     4 |    11 |    23 ||    38
       Short sword       |     1 |     5 |       ||     6
       Dagger            |       |    30 |    94 ||   124
       Punch             |       |       |     4 ||     4
 Cast: Shock             |    59 |    71 |   181 ||   311
  Use: Scroll            |       |       |    14 ||    14
       Potion            |       |       |     5 ||     5
Armor: Skin              |     1 |     2 |     3 ||     6
Dodge: Dodged            |    15 |    18 |    76 ||   109
